 Dungeon Crawl Stone Soup version 0.30-a0-322-g102857c98e (webtiles) character file.

Game seed: 4759793204673120195

26336 p00ps00p the Warrior (level 13, -2/138 HPs)
             Began as a Hill Orc Fighter on Oct 27, 2022.
             Was an Initiate of Gozag.
             Constricted to death by an anaconda simulacrum (3 damage)
             ... in an ice cave on Oct 28, 2022.
             The game lasted 01:10:21 (13860 turns).

p00ps00p the Warrior (Hill Orc Fighter)            Turns: 13860, Time: 01:10:21

Health: -2/138     AC: 12    Str: 24    XL:     13   Next: 25%
Magic:  13/13      EV:  7    Int:  8    God:    Gozag
Gold:   671        SH: 10    Dex: 10    Spells: 12/12 levels left

rFire   + . .      SeeInvis .    a - +4 war axe (vamp)
rCold   . . .      Faith    .    c - +1 buckler
rNeg    + . .      Spirit   .    N - +2 ring mail {rF+}
rPois   .          Reflect  +    t - +2 helmet
rElec   .          Harm     .    G - scarf {shadows}
rCorr   +          Rampage  .    m - +0 pair of gloves
Will    .....                    (no boots)
Stlth   ..........               v - amulet of reflection
HPRegen 0.43/turn                w - ring of resist corrosion
MPRegen 0.13/turn                K - ring of positive energy

@: slowed, constricted, very slow
A: no striking features
a: Renounce Religion, Potion Petition, Call Merchant, Bribe Branch


You were in an ice cave.
You worshipped Gozag.
Gozag was pleased with you.
You visited 3 branches of the dungeon, and saw 14 of its levels.
You also visited: Ossuary and Ice Cave.

You collected 1890 gold pieces.
You spent 1031 gold pieces at shops.
You paid 188 gold pieces to Gozag.

Inventory:

Hand Weapons
 a - a +4 vampiric war axe (weapon)
Missiles
 o - 3 atropa-tipped darts
 u - 8 boomerangs
 P - 23 poisoned darts (quivered)
Armour
 c - a +1 buckler (worn)
 m - a +0 pair of gloves (worn)
 t - a +2 helmet (worn)
 x - a +0 crystal plate armour
 G - a scarf of shadows (worn)
 N - a +2 ring mail of fire resistance (worn)
 Q - the +0 robe "Vasos" {rPois Stlth+}
   (You found it on level 9 of the Dungeon)

   rPois:     It protects you from poison.
   Stlth:     It makes you more stealthy.
 U - the +2 ring mail "Gulif" {Stlth+}
   (You found it on level 1 of the Lair of Beasts)

   Stlth:     It makes you more stealthy.
 V - the +7 plate armour of Dishonour {Drain rElec Dex+8}
   (You bought it in a shop on level 5 of the Dungeon)

   Dex:       It affects your dexterity (+8).
   rElec:     It insulates you from electricity.
   Drain:     It drains your maximum health when unequipped.
Jewellery
 n - an amulet of magic regeneration
 q - an amulet of guardian spirit
 v - an amulet of reflection (around neck)
 w - a ring of resist corrosion (left hand)
 K - a ring of positive energy (right hand)
Wands
 b - a wand of paralysis (5)
 I - a wand of quicksilver (21)
 S - a wand of mindburst (7)
Scrolls
 h - 6 scrolls of immolation
 l - 5 scrolls of teleportation
 p - 2 scrolls of vulnerability
 r - 4 scrolls of poison
 y - 3 scrolls of magic mapping
 A - 4 scrolls of blinking
 B - 2 scrolls of noise
 C - 2 scrolls of silence
 D - 4 scrolls of amnesia
 E - a scroll of identify
 L - 2 scrolls of enchant armour
 O - a scroll of brand weapon
 T - a scroll of summoning
Potions
 e - 3 potions of berserk rage
 f - a potion of brilliance {unknown}
 g - 2 potions of heal wounds
 i - 3 potions of curing
 j - 6 potions of lignification
 k - 2 potions of attraction
 s - a potion of magic {unknown}
 z - 2 potions of flight {unknown}
 F - 2 potions of ambrosia {unknown}
 J - 2 potions of haste {unknown}
 M - a potion of mutation {unknown}
Miscellaneous
 R - a piece from Xom's chessboard (15/15)


   Skills:
 + Level 19.5 Fighting
 - Level 18.1 Axes
 - Level 3.5 Armour
 - Level 1.7 Dodging
 - Level 4.4 Shields


You had 12 spell levels left.
You didn't know any spells.
Your spell library contained the following spells:

 Spells                   Type           Power      Damage    Failure   Level
 Magic Dart               Conj           0%         1d3       65%         1
 Blink                    Tloc           0%         N/A       78%         2
 Call Imp                 Summ           0%         N/A       78%         2
 Momentum Strike          Conj/Tloc      0%         3d8       78%         2
 Call Canine Familiar     Summ           0%         N/A       95%         3
 Frozen Ramparts          Ice            0%         1d1       95%         3
 Gell's Gravitas          Tloc           0%         N/A       95%         3
 Inner Flame              Hex/Fire       0%         N/A       95%         3
 Lesser Beckoning         Tloc           0%         N/A       95%         3
 Mephitic Cloud           Conj/Pois/Air  0%         N/A       95%         3
 Portal Projectile        Hex/Tloc       0%         N/A       95%         3
 Summon Guardian Golem    Hex/Summ       0%         N/A       95%         3
 Teleport Other           Tloc           0%         N/A       95%         3
 Anguish                  Hex/Necr       0%         N/A       100%        4
 Flame Wave               Conj/Fire      0%         2d4       100%        4
 Ice Form                 Ice/Tmut       0%         N/A       100%        4
 Leda's Liquefaction      Hex/Erth       0%         N/A       100%        4
 Sticky Flame             Conj/Fire      0%         2d3       100%        4
 Summon Ice Beast         Ice/Summ       0%         N/A       100%        4
 Dispersal                Tloc           0%         N/A       100%        6
 Enfeeble                 Hex            0%         N/A       100%        7
 Orb of Destruction       Conj           0%         9d5       100%        7
 Spellforged Servitor     Conj/Summ      0%         N/A       100%        7


Dungeon Overview and Level Annotations

Branches:
Dungeon (10/15)            Temple (1/1) D:6            Lair (3/5) D:8
 Shoals (0/4) Lair:3        Snake (0/4) Lair:2      Ossuary (visited)
  IceCv (1/1)
    Orc: D:9-12

Altars:
Cheibriados
Dithmenos
Elyvilon
Fedhas
Gozag
Hepliaklqana
Kikubaaqudgha
Makhleb
Nemelex Xobeh
Okawaru
Qazlal
Ru
Sif Muna
Uskayaw
Vehumet
Wu Jian
Xom
Yredelemnul
Zin
The Shining One

Shops:
D:5 *[


Message History

The anaconda simulacrum freezes you!!
* * * LOW HITPOINT WARNING * * *
The anaconda simulacrum constricts you.
You feel better.
The anaconda simulacrum barely misses you.
The anaconda simulacrum constricts you. The freezing wraith hits you!
* * * LOW HITPOINT WARNING * * *
The freezing wraith freezes you!!
* * * LOW HITPOINT WARNING * * *
You block the freezing wraith's attack.
You feel much better.
You block the anaconda simulacrum's attack.
The anaconda simulacrum constricts you. The freezing wraith barely misses you.
The freezing wraith hits you.
* * * LOW HITPOINT WARNING * * *
The freezing wraith drains your vigour!
You feel yourself slow down.
You block the anaconda simulacrum's attack.
The anaconda simulacrum constricts you.
* * * LOW HITPOINT WARNING * * *
You barely miss the anaconda simulacrum.
The anaconda simulacrum is severely damaged.
You completely miss the freezing wraith.
The anaconda simulacrum barely misses you.
The anaconda simulacrum constricts you.
You block the freezing wraith's attack. x2
The anaconda simulacrum bites you!
* * * LOW HITPOINT WARNING * * *
The anaconda simulacrum freezes you!
* * * LOW HITPOINT WARNING * * *
The anaconda simulacrum constricts you.
You feel much better. The anaconda simulacrum bites you!
* * * LOW HITPOINT WARNING * * *
The anaconda simulacrum freezes you!!
* * * LOW HITPOINT WARNING * * *
The anaconda simulacrum constricts you.
* * * LOW HITPOINT WARNING * * *
You block the freezing wraith's attack. The freezing wraith barely misses you.
You block the anaconda simulacrum's attack.
The anaconda simulacrum constricts you.
You die...
Your body crumbles into a pile of gold.

####...........
##..............
##
##....###........
..# #...###
###...### ...#
#..## ##### #...#
#...# #...###..##
#..W###..##
#.Z@###..##
###.......#
###....## ######


You could see a freezing wraith and an anaconda simulacrum.

Vanquished Creatures
  A catoblepas (Lair:1)
  3 boulder beetles (Lair:2)
  A centaur warrior (D:9)
  A two-headed ogre (D:10)
  Pikel (D:8)
  4 elephants (Lair:1)
  2 black mambas
  Joseph (D:7)
  7 cane toads
  Psyche (D:8)
  2 komodo dragons (Lair:1)
  2 unseen horrors
  2 rime drakes
  Maggie (D:6)
  A troll (D:9)
  2 ice devils (Lair:3)
  A polar bear (Lair:3)
  Grinder (D:4)
  4 blink frogs (Lair:2)
  3 wyverns
  37 yaks
  Grum (D:8)
  4 basilisks
  Menkaure (D:4)
  A death yak simulacrum (IceCv)
  3 steam dragons
  4 nagas (Lair:2)
  9 water moccasins
  3 orc warriors
  A sky beast (D:6)
  3 ice beasts
  5 black bears
  An ogre (D:6)
  16 wolves
  2 phantoms
  A lemure (D:8)
  3 kobold brigands
  6 bullfrogs
  Blork the orc (D:6)
  4 scorpions
  2 cane toad simulacra (IceCv)
  A two-headed ogre simulacrum (IceCv)
  2 water moccasin zombies (Ossuary)
  5 wights
  7 killer bees
  5 elephant simulacra (IceCv)
  A bullfrog zombie (Ossuary)
  2 centaur zombies (Ossuary)
  A human zombie (Ossuary)
  5 hounds
  A gnoll bouda (D:8)
  5 orc priests
  An iguana (D:5)
  A scorpion zombie (Ossuary)
  11 orc wizards
  A troll simulacrum (IceCv)
  7 hell rats (Lair:2)
  A spriggan simulacrum (IceCv)
  A wolf simulacrum (IceCv)
  2 ogre zombies (Ossuary)
  4 gnolls (D:8)
  4 adders
  A shadow imp (D:6)
  3 white imps
  4 adder zombies (Ossuary)
  2 dart slugs
  31 orcs
  12 endoplasms
  2 giant cockroaches (D:3)
  5 goblins
  6 hobgoblins
  6 jackals
  11 kobolds
  A quokka (D:4)
  10 ball pythons
  8 bats
  2 frilled lizards
  5 gnoll zombies (Ossuary)
  4 goblin zombies (Ossuary)
  A hobgoblin zombie (Ossuary)
  An orc zombie (Ossuary)
  7 rats
  A bush (Lair:2)
340 creatures vanquished.

Vanquished Creatures (others)
  An orc warrior (D:9)
  A sky beast (D:7)
  An orc wizard (D:9)
  A gnoll (D:8)
  15 fungi
  18 plants
37 creatures vanquished.

Grand Total: 377 creatures vanquished

Notes
Turn   | Place    | Note
-------+----------+-------------------------------------------
     0 | D:1      | p00ps00p the Hill Orc Fighter began the quest for the Orb.
     0 | D:1      | Reached XP level 1. HP: 19/19 MP: 1/1
   193 | D:1      | Reached XP level 2. HP: 27/27 MP: 2/2
   378 | D:1      | Reached skill level 4 in Fighting
   806 | D:1      | Found a faded altar of an unknown god.
   907 | D:1      | Reached XP level 3. HP: 28/34 MP: 3/3
  1181 | D:2      | You fall into a shaft and drop 2 floors!
  1348 | D:3      | Reached skill level 5 in Fighting
  1585 | D:3      | Reached XP level 4. HP: 42/42 MP: 4/4
  1729 | D:2      | Found a basalt altar of Yredelemnul.
  1949 | D:3      | Found a glowing golden altar of the Shining One.
  2471 | D:4      | Noticed Menkaure
  2756 | D:4      | Noticed a scorpion
  2765 | D:4      | Killed a scorpion
  2766 | D:4      | Reached skill level 6 in Fighting
  2766 | D:4      | Reached XP level 5. HP: 49/51 MP: 5/5
  2883 | D:4      | Noticed a black bear
  2889 | D:4      | Killed a black bear
  2890 | D:4      | Reached skill level 7 in Fighting
  2890 | D:4      | Reached XP level 6. HP: 61/61 MP: 6/6
  3210 | D:4      | Killed Menkaure
  3211 | D:4      | Reached skill level 8 in Fighting
  3493 | D:4      | Noticed Grinder
  3509 | D:4      | Killed Grinder
  3510 | D:4      | Reached skill level 9 in Fighting
  3510 | D:4      | Reached XP level 7. HP: 33/71 MP: 7/7
  3758 | D:5      | Entered Level 5 of the Dungeon
  3759 | D:5      | Found Daal Rarch's Antique Armour Shop.
  3773 | D:5      | Bought a shiny helmet for 187 gold pieces
  3800 | D:5      | Found a sand-covered staircase.
  3804 | Ossuary  | Entered an ossuary
  3906 | Ossuary  | Reached skill level 1 in Dodging
  3946 | Ossuary  | Reached skill level 10 in Fighting
  3951 | Ossuary  | Reached XP level 8. HP: 36/79 MP: 8/8
  4110 | Ossuary  | Noticed a silent spectre
  4340 | D:5      | Reached skill level 5 in Axes
  4645 | D:5      | Found Ifoazallise's Neck Hole.
  4669 | D:5      | Bought a scarf of shadows for 144 gold pieces
  4986 | D:6      | Reached XP level 9. HP: 74/85 MP: 9/9
  5036 | D:6      | Noticed Maggie
  5055 | D:6      | Killed Maggie
  5056 | D:6      | Reached skill level 10 in Axes
  5079 | D:6      | Found a hide-covered altar of Uskayaw.
  5138 | D:6      | Noticed Blork the orc
  5147 | D:6      | Killed Blork the orc
  5231 | D:6      | Found a staircase to the Ecumenical Temple.
  5271 | D:6      | Found an ancient bone altar of Kikubaaqudgha.
  5400 | Temple   | Entered the Ecumenical Temple
  6190 | D:7      | Noticed Joseph
  6203 | D:7      | Killed Joseph
  6571 | D:7      | Reached XP level 10. HP: 66/93 MP: 10/10
  7111 | D:8      | Noticed Psyche
  7154 | D:8      | Killed Psyche
  7155 | D:8      | Reached skill level 15 in Axes
  7225 | D:8      | Found a staircase to the Lair.
  7257 | D:8      | Noticed Pikel
  7265 | D:8      | Killed Pikel
  7402 | D:8      | Noticed Grum
  7430 | D:8      | Reached XP level 11. HP: 63/99 MP: 11/11
  7464 | D:8      | Killed Grum
  8114 | D:8      | Reached skill level 11 in Fighting
  8422 | D:9      | Identified the +0 robe "Vasos" {rPois Stlth+}
  8809 | Temple   | Became a worshipper of Gozag Ym Sagoz the Greedy
  9010 | D:9      | Found a basalt altar of Yredelemnul.
  9097 | D:9      | Found a shimmering altar of Xom.
  9097 | D:9      | Noticed a centaur warrior
  9116 | D:9      | Killed a centaur warrior
  9117 | D:9      | Reached skill level 12 in Fighting
  9382 | D:10     | Entered Level 10 of the Dungeon
  9394 | D:10     | Noticed a two-headed ogre
  9412 | D:10     | Killed a two-headed ogre
  9585 | Lair:1   | Entered Level 1 of the Lair of Beasts
  9590 | Lair:1   | Reached skill level 13 in Fighting
  9734 | Lair:1   | Reached skill level 14 in Fighting
  9788 | Lair:1   | Reached XP level 12. HP: 108/118 MP: 12/12
  9922 | Lair:1   | Noticed a catoblepas
  9937 | Lair:1   | Killed a catoblepas
 10028 | Lair:1   | Reached skill level 15 in Fighting
 10455 | Lair:1   | Identified the +2 ring mail "Gulif" {Stlth+}
 10512 | Lair:1   | Reached skill level 16 in Fighting
 11133 | Lair:2   | Noticed a boulder beetle
 11160 | Lair:2   | Killed a boulder beetle
 11171 | Lair:2   | Reached skill level 17 in Fighting
 11173 | Lair:2   | Found a staircase to the Snake Pit.
 11921 | D:5      | Bought a black opal-encrusted plate armour for 700 gold
                  | pieces
 11921 | D:5      | Identified the +7 plate armour of Dishonour {Drain rElec
                  | Dex+8} (You bought it in a shop on level 5 of the Dungeon)
 12197 | Lair:2   | Reached skill level 18 in Fighting
 12315 | Lair:2   | Found an ornate altar of the Wu Jian Council.
 12315 | Lair:2   | Noticed a boulder beetle
 12336 | Lair:2   | Found a hide-covered altar of Uskayaw.
 12346 | Lair:2   | Killed a boulder beetle
 12537 | Lair:2   | Noticed a boulder beetle
 12549 | Lair:2   | Reached XP level 13. HP: 132/136 MP: 13/13
 13093 | Lair:3   | Reached skill level 19 in Fighting
 13193 | Lair:3   | Found a frozen archway.
 13218 | IceCv    | Entered an ice cave
 13860 | IceCv    | HP: 2/138 [anaconda simulacrum (27)]
 13860 | IceCv    | Constricted to death by an anaconda simulacrum

Illustrated notes

Levels and vault maps discovered:
D:1:      dpeg_arrival_tiny_b, layout_loops_corners,
          chequers_ecumenical_altar_twisty
D:2:      layout_rooms, basic_altar
D:3:      layout_loops_ring, tso_oasis_becter
D:4:      layout_basic, uniq_grinder, uniq_menkaure
D:5:      layout_gridville, enter_ossuary_5, serial_shops, nicolae_shop_trees,
          nicolae_shop_sticking_my_neck_out
D:6:      layout_cave_pods, mainiacjoe_overflow_alcove_2, lemuel_doored_altar,
          minmay_temple_entry_mini_moons, uniq_maggie, uniq_blork_the_orc
D:7:      layout_gridville, uniq_joseph
D:8:      layout_loops_cross, minmay_lair_entry_grove, minmay_between,
          uniq_pikel, uniq_psyche, uniq_grum
D:9:      layout_roguey, xom_confusion_cloud, yredelemnul_altar_generic
D:10:     layout_layer_cave, general_overflow_altar,
          lemuel_coloured_pillars_altar, ebering_ghost_xom, uniq_erica,
          uniq_maurice, uniq_erolcha, uniq_urug
Temple:   minmay_freezing_vapour_temple
Lair:1:   wad_woods_structure_01, layout_regular_city
Lair:2:   layout_chaotic_city, minmay_snake_entry_guardpost_small,
          nzn_masters_of_martial_movement, lemuel_fruit_tree,
          infiniplex_staircase_pool_2
Lair:3:   layout_concentric_octagons, minmay_shoals_entry_lonely_mermaid,
          portal_ice_cave_demonic_guard
IceCv:    ice_cave_small_necro

Skill      XL: |  1  2  3  4  5  6  7  8  9 10 11 12 13 |
---------------+----------------------------------------+-----
Fighting       | 4 5 6 7 9 10 14 18 19 | 19.5
Axes           | 3 9 13 17 18 | 18.1
Dodging        | 1 |  1.7
Shields        | 4 |  4.4
Armour         | |  3.5

Action                   |  1- 3 |  4- 6 |  7- 9 | 10-12 | 13-15 || total
-------------------------+-------+-------+-------+-------+-------++-------
Melee: War axe           |   133 |   103 |   214 |   616 |   101 ||  1167
Throw: Dart              |       |     1 |       |     6 |       ||     7
  Use: Scroll            |     3 |     8 |     4 |     7 |     2 ||    24
       Potion            |       |     2 |       |     4 |     6 ||    12
 Stab: Confused          |       |       |       |     1 |       ||     1
       Distracted        |       |       |       |       |     1 ||     1
Armor: Scale mail        |    74 |    42 |   143 |       |       ||   259
       Ring mail         |       |       |     5 |   166 |    37 ||   208
Dodge: Dodged            |    77 |    48 |    82 |   183 |    37 ||   427
Block: Buckler           |    33 |    47 |   128 |   283 |    55 ||   546
       Reflection        |       |       |       |     9 |       ||     9

Table legend: (Time is in decaauts)
 A = Elapsed time spent in this place.
 B = Non-inter-level travel time spent in this place.
 C = Inter-level travel time spent in this place.
 D = Time resting spent in this place.
 E = Time spent auto-exploring this place.
 F = Levels seen in this place.
 G = Mean time per level.
                   A        B        C        D        E       F      G
               +--------+--------+--------+--------+--------+-----+--------+
         Total |  13845 |  12739 |   1106 |   1011 |   7540 |  16 |  865.3 |
       Dungeon |   9551 |   8609 |    942 |    180 |   5695 |  10 |  955.1 |
        Temple |     94 |     75 |     19 |      0 |      0 |   1 |   94.0 |
          Lair |   3184 |   3040 |    144 |    197 |   1814 |   3 | 1061.3 |
       Ossuary |    379 |    379 |      0 |    100 |      1 |   1 |  379.0 |
      Ice Cave |    635 |    635 |      0 |    534 |     30 |   1 |  635.0 |
               +--------+--------+--------+--------+--------+-----+--------+

Top non-repeatable levels by time:
  Lair:1: 1532 daAuts
  Lair:2: 1452 daAuts
     D:6: 1260 daAuts
     D:7: 1228 daAuts
     D:8: 1221 daAuts
     D:4: 1220 daAuts
     D:3: 1082 daAuts
     D:1: 1035 daAuts
     D:5: 987 daAuts
     D:9: 966 daAuts
   IceCv: 635 daAuts
     D:2: 514 daAuts
 Ossuary: 379 daAuts
  Lair:3: 199 daAuts
  Temple: 94 daAuts
